 Dungeon Crawl Stone Soup version 0.32-a0-876-gcfddb08e57 (webtiles) character file.

Game seed: 16382748702349307861

18135 ezpacito the Fighter (level 12, -1/141 HPs)
             Began as a Coglin Chaos Knight on Apr 1, 2024.
             Was a Plaything of Xom.
             Slain by an enormous slime creature (79 damage)
             ... on level 12 of the Dungeon.
             The game lasted 00:21:18 (14721 turns).

ezpacito the Fighter (Coglin Chaos Knight)         Turns: 14721, Time: 00:21:19

Health: -1/141     AC: 19    Str: 15    XL:     12   Next: 55%
Magic:  2/18       EV: 11    Int: 20    God:    Xom [.....*]
Gold:   409        SH:  0    Dex: 10    Spells: 6/19 levels left

rFire   + + .        g - +9 lance "Wyrmbane" {slay drac, rPois rF+ rC+ AC+3}
rCold   + + .        w - +1 scimitar "Xiuwac" {spect, rF+}
rNeg    . . .        O - +0 swamp dragon scales
rPois   +            (helmet restricted)
rElec   .            d - +0 cloak
rCorr   .            G - +2 pair of gloves {infuse}
SInv    .            I - +0 pair of boots
Will    +....        (amulet unavailable) Stlth
                     (ring unavailable)
HPRegen 0.43/turn    (ring unavailable)
MPRegen 0.16/turn    (no gizmo)

%: random rage (3%), infuse magic (1 MP)
@: berserking (expiring), revved, very quick
A: off-hand wielding, slow wielding, warmup strikes, no jewellery, antennae 1,
iridescent scales 2, berserk 1, clever 2, clumsy 1, cold resistance 1, deformed
body, strong-willed 1, poison resistance, screaming 1, inability to read after
injury 1, noise suppression
a: Invent Gizmo, Renounce Religion


You were on level 12 of the Dungeon.
You worshipped Xom.
You were Xom's teddy bear.
You visited 2 branches of the dungeon, and saw 13 of its levels.
You also visited: Bailey.

You collected 853 gold pieces.
You spent 444 gold pieces at shops.

Inventory:

Hand Weapons
 a - a +0 hand axe of chaos {Masataka}
 g - the +9 lance "Wyrmbane" (weapon) {slay drac, rPois rF+ rC+ AC+3}
   (You acquired it on level 11 of the Dungeon)

   AC+3:      It affects your AC (+3).
   rF+:       It protects you from fire.
   rC+:       It protects you from cold.
   rPois:     It protects you from poison.
 p - a +3 hand axe of protection
 w - the +1 scimitar "Xiuwac" (offhand) {spect, rF+}
   (You found it in a bailey)

   rF+:       It protects you from fire.
 C - a +3 trident of venom
 N - a +3 war axe of flaming {Clara}
Missiles
 c - 3 curare-tipped darts
 e - a throwing net
 m - 28 poisoned darts (quivered)
 n - 6 atropa-tipped darts
 x - 8 boomerangs
Armour
 b - a +1 hat
 d - a +0 cloak (worn)
 s - a +0 helmet
 G - a +2 pair of gloves of infusion (worn)
 I - a +0 pair of boots (worn)
 O - +0 swamp dragon scales (worn)
Talismans
 y - a blade talisman
 z - a flux talisman
Wands
 i - a wand of roots (3)
 B - a wand of light (1)
 D - a wand of digging (11)
 E - a wand of flame (18)
 F - a wand of charming (23)
Scrolls
 f - 4 scrolls of torment
 j - 4 scrolls of fog
 k - a scroll of silence
 r - 3 scrolls of vulnerability
 t - 2 scrolls of teleportation
 u - 2 scrolls of summoning
 v - a scroll of poison
 K - 3 scrolls of immolation
Potions
 h - 4 potions of invisibility {unknown}
 o - a potion of attraction
 A - 4 potions of brilliance
 J - 3 potions of enlightenment


   Skills:
 * Level 8.7 Fighting
 * Level 8.3(9.1) Axes
 + Level 5.0(7.1) Polearms
 * Level 7.7 Armour
 * Level 7.3 Dodging
 + Level 4.8 Stealth
 + Level 4.2 Spellcasting
 + Level 3.3 Summonings
 + Level 4.9 Necromancy
 + Level 3.4 Translocations
 + Level 5.7 Evocations


You had 6 spell levels left.
You knew the following spells:

 Your Spells              Type           Power      Damage    Failure   Level
a - Lesser Beckoning      Tloc           36%        N/A       9%          2
b - Blink                 Tloc           36%        N/A       9%          2
c - Animate Armour        Summ/Erth      20%        N/A       75%         4
d - Arcjolt               Conj/Air       2%         1d12      99%         5

Your spell library contained the following spells:

 Spells                   Type           Power      Damage    Failure   Level
 Momentum Strike          Conj/Tloc      22%        3d8       17%         2
 Maxwell's Portable Pile  Tloc           18%        2d(8-15)  47%         4
 Summon Lightning Spire   Summ/Air       10%        N/A       75%         4
 Lee's Rapid Deconstruct  Erth           2%         3d4*      99%         5
 Maxwell's Capacitive Co  Air            2%         ∞         100%        8


Dungeon Overview and Level Annotations

Branches:
Dungeon (12/15)            Temple (1/1) D:4            Lair (0/5) D:9
    Orc (0/2) D:11         Bailey (visited)

Altars:
Ashenzari
Cheibriados
Dithmenos
Elyvilon
Fedhas
Gozag
Hepliaklqana
Kikubaaqudgha
Makhleb
Nemelex Xobeh
Okawaru
Qazlal
Ru
Sif Muna
Trog
Uskayaw
Vehumet
Wu Jian
Xom
Yredelemnul
Zin
The Shining One
Lugonu

Shops:
D:5 !


Innate Abilities, Weirdness & Mutations

You can wield a second weapon in your off-hand.
It takes a long time for you to wield or remove held weapons.
Your first few attacks do less damage.
You cannot equip rings or amulets.
You have a pair of small antennae on your head.
You are mostly covered in iridescent scales. (AC +4)
You sometimes lose your temper in combat.
Your mind is very acute. (Int +8, Str/Dex -2)
You are clumsy. (Dex -2)
Your flesh is cold resistant. (rC+)
Armour fits poorly on your strangely shaped body.
You are strong-willed. (Will+)
Your system is resistant to poisons. (rPois)
You occasionally shout uncontrollably at your foes.
You occasionally lose the ability to read scrolls when taking damage.
You passively dampen the noise of your surroundings.


Message History

You hit the slime creature with the +1 scimitar "Xiuwac".
The slime creature is almost dead.
You impale the slime creature with the +9 lance "Wyrmbane"!!
You kill the slime creature!
You now have 131/141 hp.
You reach to attack!
You barely miss the large slime creature with the +9 lance "Wyrmbane".
Your +1 scimitar "Xiuwac" {spect, rF+} disappears.
Two slime creatures merge to form a very large slime creature.
You reach to attack!
You impale the very large slime creature with the +9 lance "Wyrmbane"!!
The very large slime creature is lightly wounded.
A slime creature comes into view.
You now have 11/18 mp.
You reach to attack!
You hit the very large slime creature with the +9 lance "Wyrmbane".
Two slime creatures merge to form an enormous slime creature.
You impale the enormous slime creature with the +9 lance "Wyrmbane"!!
The enormous slime creature is moderately wounded.
You slice the enormous slime creature with the +1 scimitar "Xiuwac"!!
You now have 9/18 mp.
You barely miss the enormous slime creature with the +9 lance "Wyrmbane".
The enormous slime creature is moderately wounded.
You slice the enormous slime creature with the +1 scimitar "Xiuwac"!!
You now have 8/18 mp.
You puncture the enormous slime creature with the +9 lance "Wyrmbane"!
The enormous slime creature is heavily wounded.
You slice the enormous slime creature with the +1 scimitar "Xiuwac"!!
You now have 6/18 mp.
You impale the enormous slime creature with the +9 lance "Wyrmbane"!!
The enormous slime creature is severely wounded.
You slash the enormous slime creature with the +1 scimitar "Xiuwac"!
The enormous slime creature hits you!!!
You take 55 damage, and have 78/141 hp.
MASSIVE DAMAGE!!
You now have 4/18 mp.
You slice the enormous slime creature with the +1 scimitar "Xiuwac"!!
The enormous slime creature is almost dead.
You impale the enormous slime creature with the +9 lance "Wyrmbane"!!
The enormous slime creature hits you!!!!
Ouch! That really hurt!
You die...

#......# #.....
######.# #####.
###'## #... #....#
#.## ## #....# #.#
.### #....# #.##
..# #....######...
#J# #....'...####.
#@###....###..'...
#(.##....# ####.##
##..'....# #.#.
####....# #.#.
#....# #... ######
####


You could see an enormous slime creature and a friendly +1 scimitar "Xiuwac"
{spect, rF+}.

Vanquished Creatures
  3 two-headed ogres
  A boulder beetle (D:11)
  2 alligators (D:12)
  2 lindwurms (D:12)
  Pikel (D:7)
  A cyclops (D:12)
  A manticore (D:9)
  An ugly thing (D:11)
  Maggie (D:8)
  3 trolls
  A tyrant leech (D:12)
  A slime creature (D:12)
  A wraith (D:11)
  A shadow (D:9)
  2 vampires
  A spriggan (Bailey)
  4 wyverns
  7 yaks
  2 basilisks (D:12)
  A human (shapeshifter) (D:9)
  Eustachio (D:6)
  2 steam dragons
  4 vampire mosquitoes (D:10)
  An acid dragon (D:5)
  5 water moccasins
  6 orc warriors
  A swamp drake (D:11)
  A black bear (D:5)
  7 ogres
  4 centaurs
  2 lemures (D:7)
  2 kobold brigands
  A gnoll sergeant (D:10)
  A bullfrog (D:9)
  9 scorpions
  14 wights
  6 killer bees
  3 bombardier beetles
  3 jellies
  7 orc priests
  3 hounds
  Crazy Yiuf (D:7)
  3 gnoll boudas
  3 sleepcaps
  7 iguanas
  14 orc wizards
  18 gnolls
  7 adders
  A river rat (D:9)
  2 shadow imps
  A white imp (D:8)
  6 ufetubi
  8 dart slugs
  3 ribbon worms (D:12)
  38 orcs
  5 bats
  11 endoplasms
  8 goblins
  9 hobgoblins
  7 jackals
  2 quokkas
  5 ball pythons
  10 frilled lizards
  17 kobolds
  9 rats
315 creatures vanquished.

Vanquished Creatures (collateral kills)
  A komodo dragon (D:11)
  Psyche (D:8)
  A troll (D:9)
  A spriggan (Bailey)
  Menkaure (D:6)
  A sky beast (D:7)
  An orc warrior (D:8)
  An ice beast (D:7)
  An ogre (Bailey)
  3 wights
  A howler monkey (D:5)
  A dart slug (D:3)
  7 orcs
  A frilled lizard (D:3)
22 creatures vanquished.

Vanquished Creatures (others)
  A vampire (D:6)
1 creature vanquished.

Grand Total: 338 creatures vanquished

Notes
Turn   | Place    | Note
-------+----------+-------------------------------------------
     0 | D:1      | ezpacito the Coglin Chaos Knight began the quest for the
                  | Orb.
     0 | D:1      | Reached XP level 1. HP: 18/18 MP: 1/1
    31 | D:1      | Reached skill level 1 in Dodging
   138 | D:1      | XOM: silly message
   140 | D:1      | Reached XP level 2. HP: 24/24 MP: 2/2
   328 | D:1      | XOM: 10-stop teleportation journey
   370 | D:1      | Reached XP level 3. HP: 29/29 MP: 3/3
   590 | D:1      | XOM: silly message
  1224 | D:2      | Reached XP level 4. HP: 28/35 MP: 4/4
  1654 | D:3      | Found a shimmering altar of Xom.
  1783 | D:3      | XOM: summons friendly white imp
  1800 | D:3      | Reached skill level 1 in Polearms
  1800 | D:3      | Reached XP level 5. HP: 14/42 MP: 5/5
  2292 | D:3      | Found a basalt altar of Yredelemnul.
  2293 | D:3      | Found a shadowy altar of Dithmenos.
  2331 | D:3      | Reached skill level 1 in Stealth
  2331 | D:3      | Reached skill level 1 in Necromancy
  2331 | D:3      | Reached XP level 6. HP: 48/48 MP: 7/7
  2479 | D:4      | XOM: cloud trail
  2597 | D:4      | XOM: noise
  2607 | D:4      | Reached skill level 1 in Spellcasting
  2666 | D:4      | XOM: enchant monster (good)
  2684 | D:4      | Reached XP level 7. HP: 50/54 MP: 8/8
  2711 | D:4      | Found a burning altar of Makhleb.
  2736 | D:4      | Found a glowing silver altar of Zin.
  3035 | D:4      | XOM: 3-stop teleportation journey
  3152 | D:4      | XOM: silly message
  3153 | D:4      | XOM: 2-stop teleportation journey
  3164 | D:4      | XOM: god gift: orcbow {god gift}
  3178 | D:4      | Found a white marble altar of Elyvilon.
  3237 | D:4      | XOM: polymorph butterfly -> adder
  3276 | D:4      | XOM: god gift: scroll labelled ILEORGHADUY {god gift}
  3278 | D:4      | Found a staircase to the Ecumenical Temple.
  3291 | Temple   | Entered the Ecumenical Temple
  3441 | D:5      | Entered Level 5 of the Dungeon
  3684 | D:5      | XOM: summons friendly shadow imp
  3794 | D:5      | XOM: enchant monster (good)
  3864 | D:5      | Reached XP level 8. HP: 61/61 MP: 10/10
  3920 | D:5      | Found a radiant altar of Vehumet.
  4100 | D:5      | Found Esyrahog's Distillery.
  4107 | D:5      | Bought a potion of might for 48 gold pieces
  4107 | D:5      | Bought a potion of heal wounds for 60 gold pieces
  4107 | D:5      | Bought a potion of cancellation for 96 gold pieces
  4107 | D:5      | Bought a potion of curing for 36 gold pieces
  4107 | D:5      | Bought a potion of curing for 36 gold pieces
  4171 | D:5      | XOM: smoke on damage
  4179 | D:5      | Reached skill level 5 in Fighting
  4179 | D:5      | Reached skill level 1 in Evocations
  4336 | D:5      | XOM: cloud trail
  4383 | D:5      | XOM: noise
  4866 | D:6      | Found a hazy altar of Hepliaklqana.
  4867 | D:6      | Noticed Menkaure
  4879 | D:6      | Killed Menkaure
  4880 | D:6      | Reached skill level 5 in Axes
  5049 | D:6      | XOM: god gift: 56 gold pieces
  5070 | D:6      | Reached XP level 9. HP: 64/68 MP: 12/12
  5084 | D:6      | Noticed Eustachio
  5104 | D:6      | XOM: blink monster(s)
  5108 | D:6      | Killed Eustachio
  5123 | D:6      | XOM: give mutation
  5123 | D:6      | Gained mutation: Your muscles are strong. (Str +4, Int/Dex
                  | -1) [Xom's mischief]
  5174 | D:6      | XOM: give mutations
  5174 | D:6      | Gained mutation: Your spells are a little harder to cast,
                  | but a little more powerful. [Xom's mischief]
  5174 | D:6      | Lost mutation: Your spells are a little harder to cast, but
                  | a little more powerful. [Xom's mischief]
  5174 | D:6      | Gained mutation: You occasionally lose the ability to read
                  | scrolls when taking damage. [Xom's mischief]
  5407 | D:6      | Found an ancient bone altar of Kikubaaqudgha.
  5847 | D:6      | XOM: polymorph jelly -> centaur
  5861 | D:6      | Reached skill level 5 in Armour
  6092 | D:6      | XOM: give mutations
  6092 | D:6      | Gained mutation: Your magical capacity is low. (-10% MP)
                  | [Xom's mischief]
  6092 | D:6      | Gained mutation: You occasionally shout uncontrollably at
                  | your foes. [Xom's mischief]
  6092 | D:6      | Gained mutation: You have hidden genetic defects. [Xom's
                  | mischief]
  6221 | D:6      | XOM: god gift: agate ring {god gift}
  6326 | D:6      | XOM: enchant monster (good)
  6572 | D:5      | XOM: summons 1 hostile shadow creature
  6724 | D:5      | Bought a potion of mutation for 96 gold pieces
  6724 | D:5      | Bought a potion of curing for 36 gold pieces
  6724 | D:5      | Bought a potion of curing for 36 gold pieces
  6724 | D:5      | Lost mutation: Your magical capacity is low. (-10% MP)
                  | [potion of mutation]
  6724 | D:5      | Lost mutation: Your muscles are strong. (Str +4, Int/Dex
                  | -1) [potion of mutation]
  6724 | D:5      | Gained mutation: Your system is resistant to poisons.
                  | (rPois) [potion of mutation]
  6724 | D:5      | Gained mutation: You sometimes lose your temper in combat.
                  | [potion of mutation]
  6724 | D:5      | Gained mutation: You are strong-willed. (Will+) [potion of
                  | mutation]
  6895 | D:7      | Noticed Pikel
  6914 | D:7      | Killed Pikel
  6923 | D:7      | Gained mutation: You are clumsy. (Dex -2) [hidden defects]
  7242 | D:7      | XOM: confusion (+ monsters)
  7253 | D:7      | XOM: summons 7 friendly demons
  7256 | D:7      | Reached XP level 10. HP: 77/77 MP: 12/14
  7276 | D:7      | Reached skill level 5 in Dodging
  7287 | D:7      | Gained mutation: Armour fits poorly on your strangely
                  | shaped body. [hidden defects]
  7287 | D:7      | Lost mutation: You have hidden genetic defects. [hidden
                  | defects expressed]
  7310 | D:7      | XOM: polymorph centaur -> jackal
  7359 | D:7      | Found a hide-covered altar of Uskayaw.
  7374 | D:7      | Found an iron altar of Okawaru.
  7402 | D:7      | XOM: scenery: 2 doors open
  7518 | D:7      | XOM: stat loss: -1 Int (10/11)
  7522 | D:7      | Learned a level 2 spell: Blink
  7522 | D:7      | XOM: 4-stop teleportation journey
  7549 | D:7      | Learned a level 2 spell: Lesser Beckoning
  7554 | D:7      | Learned a level 4 spell: Animate Armour
  7560 | D:7      | Learned a level 5 spell: Arcjolt
  7641 | D:7      | XOM: give mutations
  7641 | D:7      | Gained mutation: You passively dampen the noise of your
                  | surroundings. [Xom's grace]
  7641 | D:7      | Gained mutation: Your flesh is cold resistant. (rC+) [Xom's
                  | grace]
  7710 | D:7      | XOM: cloud trail
  7751 | D:7      | XOM: silly message
  8239 | D:7      | Found a runed translucent door.
  8240 | D:7      | Noticed Crazy Yiuf
  8244 | D:7      | Killed Crazy Yiuf
  8328 | D:7      | XOM: give mutations
  8328 | D:7      | Gained mutation: You are partially covered in iridescent
                  | scales. (AC +2) [Xom's grace]
  8328 | D:7      | Gained mutation: Your mind is acute. (Int +4, Str/Dex -1)
                  | [Xom's grace]
  8390 | D:8      | Noticed Psyche
  8397 | D:8      | Killed Psyche
  8400 | D:8      | Reached skill level 1 in Translocations
  8462 | D:8      | Noticed Maggie
  8468 | D:8      | XOM: torment (36/77 hp)
  8773 | D:8      | XOM: cloud trail
  8870 | D:8      | XOM: divination: detect creatures
  8909 | D:8      | Noticed a two-headed ogre
  8909 | D:8      | XOM: 1-stop teleportation journey
  8915 | D:8      | XOM: cast spell 'Summon Mana Viper'
  8919 | D:8      | Killed a two-headed ogre
  8920 | D:8      | Reached skill level 1 in Summonings
  9053 | D:8      | XOM: 2-stop teleportation journey
  9247 | D:8      | XOM: confuse monster(s)
  9255 | D:8      | XOM: enchant monster (bad)
  9256 | D:8      | XOM: confuse monster(s)
  9260 | D:8      | Killed Maggie
  9423 | D:8      | XOM: noise
  9702 | D:9      | XOM: 1-stop teleportation journey
  9808 | D:9      | XOM: silly message
  9943 | D:9      | Reached XP level 11. HP: 39/84 MP: 5/16
 10132 | D:9      | XOM: 3-stop teleportation journey
 10137 | D:9      | Noticed a manticore
 10138 | D:9      | Found a staircase to the Lair.
 10138 | D:9      | XOM: cast spell 'Cause Fear'
 10148 | D:9      | Killed a manticore
 10223 | D:9      | XOM: 2-stop teleportation journey
 10790 | D:9      | XOM: scenery: create altars
 10816 | D:9      | XOM: cast spell 'Summon Horrible Things'
 10897 | D:9      | XOM: summons 2 friendly demons
 11220 | D:10     | Entered Level 10 of the Dungeon
 11318 | D:10     | XOM: confuse monster(s)
 11361 | D:10     | Found a flagged portal.
 11403 | Bailey   | Entered a bailey
 11426 | Bailey   | XOM: divination: magic mapping
 11592 | Bailey   | Noticed a two-headed ogre
 11599 | Bailey   | Killed a two-headed ogre
 11600 | Bailey   | Reached skill level 5 in Evocations
 11727 | Bailey   | Identified the +1 scimitar "Xiuwac" {spect, rF+}
 12109 | D:10     | Found a snail-covered altar of Cheibriados.
 12226 | D:10     | XOM: scenery: 2 doors open, 1 doors close
 12232 | D:10     | Noticed a two-headed ogre
 12238 | D:10     | Killed a two-headed ogre
 12274 | D:10     | XOM: god gift: scroll labelled ORRORYTOTS {god gift}
 12394 | D:10     | Found a shimmering blue altar of Sif Muna.
 12473 | D:10     | XOM: noise
 12577 | D:11     | XOM: confuse monster(s)
 12578 | D:11     | XOM: summons friendly white imp
 12580 | D:11     | XOM: divination: detect items
 12677 | D:11     | Found a staircase to the Orcish Mines.
 12755 | D:11     | XOM: draining
 13013 | D:11     | Noticed a cyan ugly thing
 13018 | D:11     | XOM: enchant monster (bad)
 13022 | D:11     | Killed a cyan ugly thing
 13023 | D:11     | Reached XP level 12. HP: 64/86 MP: 11/17
 13154 | D:11     | XOM: cloud trail
 13170 | D:11     | Noticed a boulder beetle
 13203 | D:11     | XOM: cleaving
 13243 | D:11     | Killed a boulder beetle
 13423 | D:11     | XOM: 1-stop teleportation journey
 13500 | D:11     | XOM: summons 8 friendly demons
 13866 | D:11     | Identified a scroll of acquirement
 13866 | D:11     | Acquired the +8 lance "Wyrmbane" {slay drac, rPois rF+ rC+
                  | AC+3}
 13866 | D:11     | Found the +8 lance "Wyrmbane" {slay drac, rPois rF+ rC+
                  | AC+3}
 14163 | D:12     | XOM: smoke on damage
 14167 | D:12     | XOM: smoke on damage
 14207 | D:12     | XOM: cloud trail
 14421 | D:12     | XOM: god gift: scroll of brand weapon
 14424 | D:12     | Noticed an alligator
 14424 | D:12     | XOM: cleaving
 14428 | D:12     | Noticed an alligator
 14430 | D:12     | Killed an alligator
 14436 | D:12     | Reached skill level 5 in Polearms
 14436 | D:12     | XOM: fog
 14438 | D:12     | Killed an alligator
 14461 | D:12     | XOM: give mutations
 14461 | D:12     | Gained mutation: You are mostly covered in iridescent
                  | scales. (AC +4) [Xom's grace]
 14461 | D:12     | Gained mutation: Your mind is very acute. (Int +8, Str/Dex
                  | -2) [Xom's grace]
 14461 | D:12     | Gained mutation: You have a pair of small antennae on your
                  | head. [Xom's grace]
 14613 | D:12     | XOM: 1-stop teleportation journey
 14721 | D:12     | Slain by an enormous slime creature

Illustrated notes

Levels and vault maps discovered:
D:1:      saegor_arrival_simple_b, layout_basic
D:2:      layout_rooms, due_unseen_surprise
D:3:      layout_loops_ring, minitemple, xom_teletrap_fun,
          minmay_misc_feat_nine_boxes
D:4:      layout_loops_cross, grunt_temple_overflow_order_and_chaos_2,
          nicolae_elyvilon_peaceful_grove, minmay_temple_entry_stoned_glass
D:5:      layout_gridville, vehumet_altar_wand_db, serial_shops, shop,
          chequers_decorated_corner
D:6:      minmay_octagon_keep, layout_loops_ring, mainiacjoe_overflow_brackets,
          mainiacjoe_overflow_cross_hatched, uniq_menkaure, uniq_eustachio
D:7:      cheibrodos_barr_body, layout_basic,
          mainiacjoe_overflow_small_starburst, mainiacjoe_overflow_catwalk,
          uniq_pikel, uniq_crazy_yiuf_cottage
D:8:      layout_basic, grunt_decor_clamped, uniq_psyche, uniq_maggie
D:9:      layout_irregular_city, minmay_lair_entry_grove
D:10:     layout_roguey, cheibriados_altar_1, kennysheep_orc_sif_temple,
          enter_bailey_5
D:11:     layout_loops_ring, erik_orc_1
D:12:     layout_roguey, serial_shops, shop, hangedman_parallel_progression,
          uniq_frances
Temple:   kb_corrupted_temple

Skill      XL: |  1  2  3  4  5  6  7  8  9 10 11 12 |
---------------+-------------------------------------+-----
Dodging        | 1 2 3 4 5 6 7 |  7.3
Armour         | 2 3 4 5 6 7 |  7.7
Polearms       | 1 2 3 4 5 |  5.0
Stealth        | 1 2 3 4 |  4.8
Necromancy     | 1 2 3 4 |  4.9
Fighting       | 4 5 6 7 8 |  8.7
Spellcasting   | 1 2 3 4 |  4.2
Axes           | 4 5 6 7 8 |  8.3
Evocations     | 1 3 4 5 |  5.7
Translocations | 1 2 3 |  3.4
Summonings     | 1 2 3 |  3.3

Action                     |  1- 3 |  4- 6 |  7- 9 | 10-12 || total
---------------------------+-------+-------+-------+-------++-------
  Melee: Hand axe          |    73 |    88 |   230 |   190 ||   581
         Dagger            |    62 |    34 |       |       ||    96
         Trident           |       |    66 |   263 |   113 ||   442
         War axe           |       |       |       |   189 ||   189
         Scimitar          |       |       |       |   112 ||   112
         Lance             |       |       |       |    58 ||    58
  Throw: Dart              |       |       |     1 |       ||     1
  Evoke: Wand              |       |       |     6 |     8 ||    14
    Use: Potion            |       |     1 |    13 |    10 ||    24
         Scroll            |       |     4 |     4 |    21 ||    29
   Stab: Confused          |     2 |     2 |     1 |     3 ||     8
         Sleeping          |     1 |     2 |     3 |     2 ||     8
         Paralysed         |       |       |     3 |     1 ||     4
         Distracted        |       |       |     1 |     4 ||     5
         Invisible         |       |       |       |     1 ||     1
 Armour: Leather armour    |    44 |    73 |    32 |       ||   149
         Plate armour      |       |       |   284 |    88 ||   372
         Swamp dragon scal |       |       |       |   238 ||   238
         Skin              |       |       |       |     2 ||     2
  Dodge: Dodged            |    52 |    44 |    90 |   190 ||   376

Table legend: (Time is in decaauts)
 A = Elapsed time spent in this place.
 B = Non-inter-level travel time spent in this place.
 C = Inter-level travel time spent in this place.
 D = Time resting spent in this place.
 E = Time spent auto-exploring this place.
 F = Levels seen in this place.
 G = Mean time per level.
                   A        B        C        D        E       F      G
               +--------+--------+--------+--------+--------+-----+--------+
         Total |  14876 |  14217 |    659 |   1010 |  10894 |  14 | 1062.6 |
       Dungeon |  14406 |  13748 |    658 |    988 |  10535 |  12 | 1200.5 |
        Temple |      1 |      1 |      0 |      0 |      0 |   1 |    1.0 |
        Bailey |    468 |    468 |      0 |     22 |    358 |   1 |  468.0 |
               +--------+--------+--------+--------+--------+-----+--------+

Top non-repeatable levels by time:
     D:6: 1816 daAuts
     D:7: 1656 daAuts
     D:9: 1560 daAuts
    D:11: 1400 daAuts
     D:8: 1328 daAuts
     D:4: 1263 daAuts
     D:5: 1176 daAuts
     D:1: 1084 daAuts
     D:3: 895 daAuts
    D:10: 841 daAuts
    D:12: 815 daAuts
     D:2: 566 daAuts
  Bailey: 468 daAuts
  Temple: 1 daAuts
